 Dungeon Crawl Stone Soup version 0.20.0-10-g0535bb4 (webtiles) character file.

7989 grindst0ne the Grappler (level 11, -3/141 HPs)
             Began as a Troll Monk on June 4, 2017.
             Slain by a killer bee (7 damage)
             ... on level 10 of the Dungeon.
             The game lasted 00:23:21 (8510 turns).

grindst0ne the Grappler (Troll Monk)                Turns: 8510, Time: 00:23:22

Health: -3/141     AC: 30    Str: 23    XL:     11   Next: 4%
Magic:  10/10      EV:  1    Int:  6    God:
Gold:   503        SH: 14    Dex: 15    Spells: 10/10 levels left

rFire    + . .     SeeInvis +     - Unarmed
rCold    + . .     Gourm    +   t - +2 shield of Resistance {rF+ rC+ MR+}
rNeg     + + +     Faith    .   (armour currently unavailable)
rPois    +         Spirit   .   (helmet currently unavailable)
rElec    .         Reflect  .   (cloak currently unavailable)
rCorr    .         Harm     .   (gloves unavailable)
MR       +....     NoTele   +   (boots unavailable)
Stlth    ++........             (no amulet)
Regen    0.8/turn               F - ring of see invisible
MPRegen  0.2/turn               u - +5 ring of protection

@: lethally poisoned (-3 -> -4), tree-form
A: unfitting armour, thin skeletal structure 1, blink, clumsy 1, fast metabolism
3, gourmand, regeneration 1, strong 1
a: Blink


You were on level 10 of the Dungeon.
You were very full.
You were a tree.
You visited 1 branch of the dungeon, and saw 10 of its levels.
You also visited: Sewer.

You collected 503 gold pieces.

Inventory:

Armour
 a - a +0 robe
 r - a +0 cloak (melded)
 t - the +2 shield of Resistance (worn) {rF+ rC+ MR+}
   (You found it on level 4 of the Dungeon)

   It protects you from fire.
   It protects you from cold.
   It affects your resistance to hostile enchantments.
 N - a +2 robe of positive energy (melded)
Jewellery
 d - an uncursed ring of protection from fire
 u - a +5 ring of protection (right branch)
 F - a ring of see invisible (left branch)
Wands
 c - a wand of iceblast (6/15)
 B - a wand of disintegration (0/24)
 D - a wand of flame (11/48)
 E - a wand of enslavement (18/24)
 H - a wand of polymorph (15/24)
 K - a wand of enslavement (6/24)
Scrolls
 e - 3 scrolls of amnesia {unknown}
 f - a scroll of recharging {unknown}
 i - 2 scrolls of blinking {unknown}
 j - 2 scrolls of magic mapping {unknown}
 m - a scroll of enchant armour {unknown}
 v - 2 scrolls of enchant weapon {unknown}
 x - a scroll of immolation {unknown}
 y - 2 scrolls of remove curse {unknown}
 G - a scroll of vulnerability {unknown}
 J - 2 scrolls of teleportation {unknown}
 M - a scroll of identify
Potions
 l - 3 potions of brilliance
 o - a potion of haste
 p - 2 potions of mutation
 w - a potion of flight
 C - 2 potions of lignification
 I - a potion of magic {unknown}
Comestibles
 b - 5 bread rations
 g - 7 fruits
 h - 2 meat rations
 k - 2 royal jellies


   Skills:
 - Level 2.4 Fighting
 - Level 3.0 Dodging
 - Level 1.0 Stealth
 - Level 10.3 Shields
 + Level 11.8 Unarmed Combat


You had 10 spell levels left.
You didn't know any spells.

Dungeon Overview and Level Annotations

Branches:
Dungeon (10/15)            Temple (0/1) D:7             Orc (0/2) D:9
   Lair: D:8-11

Altars:
Cheibriados
Dithmenos
Fedhas
Hepliaklqana
Nemelex Xobeh
Ru
Sif Muna
Yredelemnul
Zin

Shops:
D:6 (


Innate Abilities, Weirdness & Mutations

You are too large for most types of armour.
((You have claws for hands.))
Your metabolism is lightning-fast.
You like to eat raw meat.
Your natural rate of healing is unusually fast.
((You are covered in fur. (AC +1)))
((You have very tough skin. (AC +2)))
((You are partially covered in iridescent scales. (AC +2)))
You have a somewhat thin skeletal structure. (Dex +2, Stealth)
You can translocate small distances at will.
You are clumsy. (Dex -2)
((Armour fits poorly on your strangely shaped body.))
Your muscles are strong. (Str +2)


Message History

Your magical effects are unravelling.
You feel magically purged.
You feel yourself slow down.
You float gracefully downwards.
You feel a little less mighty now.
You feel a little less agile now.
You feel sick.
The killer bee stings you but does no damage.
You block the killer bee's attack.
The killer bee stings you but does no damage.
You block the killer bee's attack. The killer bee stings you.
* * * LOW HITPOINT WARNING * * *
The killer bee stings you but does no damage.
It was a potion of lignification.
You turn into a tree.
Your +0 cloak melds into your body.
Your +2 robe of positive energy melds into your body.
You feel less protected from negative energy.
Your roots penetrate the ground.
You block the killer bee's attack. x2
The killer bee rages.
The killer bee stings you!
You die... ###########.### #....yy♣yyy.... ######y#######. #y #. #. #. #. ..

You could see 7 killer bees.

Vanquished Creatures
  3 two-headed ogres
  An ugly thing (D:9)
  Maurice (D:8)
  Psyche (D:9)
  A troll (D:9)
  The ghost of armaa the Sneak, a novice VSAs (D:5)
  A hippogriff (D:9)
  A vampire (D:9)
  Purgy (Sewer)
  An ice beast (D:8)
  3 sky beasts
  2 orc warriors
  4 ogres
  4 centaurs
  6 big kobolds (D:4)
  2 wyvern zombies
  6 bullfrogs
  9 killer bees (D:9)
  3 howler monkeys
  5 wights (D:7)
  3 jellies
  A bullfrog zombie (D:9)
  2 centaur zombies
  4 crimson imps
  5 hounds
  A gnoll shaman (D:6)
  4 orc priests
  3 iguanas
  Natasha (thrice) (D:4)
  4 orc wizards
  6 worker ants
  A hound skeleton (D:9)
  2 worker ant zombies
  5 gnolls
  12 adders
  A river rat (D:3)
  A shadow imp (D:5)
  An adder skeleton (D:5)
  2 adder zombies (D:9)
  3 worms
  A dart slug (D:4)
  6 leopard geckos
  26 orcs
  8 bats
  8 giant cockroaches
  3 goblins
  8 hobgoblins
  5 jackals
  50 kobolds
  3 quokkas
  3 ball pythons
  6 frilled lizards
  A jackal skeleton (D:4)
  12 rats
260 creatures vanquished.

Vanquished Creatures (others)
  An orc wizard (D:4)
  2 orcs (D:5)
3 creatures vanquished.

Grand Total: 263 creatures vanquished

Notes
Turn   | Place    | Note
-------+----------+-------------------------------------------
     0 | D:1      | grindst0ne the Troll Monk began the quest for the Orb.
     0 | D:1      | Reached XP level 1. HP: 22/22 MP: 0/0
   180 | D:1      | Reached XP level 2. HP: 29/29 MP: 1/1
   968 | D:2      | Reached skill level 1 in Shields
   968 | D:2      | Reached XP level 3. HP: 34/36 MP: 2/2
  1076 | D:2      | Found a sparkling altar of Nemelex Xobeh.
  1083 | D:2      | Found a basalt altar of Yredelemnul.
  1086 | D:2      | Found a glowing silver altar of Zin.
  1543 | D:3      | Reached XP level 4. HP: 44/44 MP: 3/3
  1554 | D:3      | Found a hazy altar of Hepliaklqana.
  1697 | D:3      | Found a shadowy altar of Dithmenos.
  1952 | D:3      | Found a glowing drain.
  1974 | Sewer    | Entered a sewer
  1995 | Sewer    | Noticed Purgy
  2009 | Sewer    | Killed Purgy
  2009 | Sewer    | Reached XP level 5. HP: 48/50 MP: 4/4
  3084 | D:4      | Reached XP level 6. HP: 59/59 MP: 5/5
  3151 | D:4      | Noticed Natasha
  3162 | D:4      | Killed Natasha
  3360 | D:4      | Found a blossoming altar of Fedhas.
  3400 | D:4      | Noticed Natasha
  3421 | D:4      | Killed Natasha
  3421 | D:4      | Reached skill level 5 in Shields
  3691 | D:4      | Reached XP level 7. HP: 47/66 MP: 6/6
  3862 | D:4      | Noticed Natasha
  3876 | D:4      | Killed Natasha
  4005 | D:5      | Entered Level 5 of the Dungeon
  4184 | D:5      | Reached XP level 8. HP: 62/74 MP: 7/7
  4444 | D:5      | Noticed armaa's ghost (novice VSAs)
  4465 | D:5      | Killed armaa's ghost
  5270 | D:6      | Reached XP level 9. HP: 73/80 MP: 8/8
  5519 | D:6      | Found Nutruemaywk's Antique Weapon Boutique.
  5525 | D:6      | Reached skill level 10 in Shields
  6159 | D:7      | Found a staircase to the Ecumenical Temple.
  6267 | D:7      | Reached skill level 4 in Unarmed Combat
  6600 | D:7      | Reached skill level 5 in Unarmed Combat
  6754 | D:8      | Found a deep blue altar of Sif Muna.
  6829 | D:8      | Found a sacrificial altar of Ru.
  6856 | D:8      | Reached skill level 6 in Unarmed Combat
  6967 | D:8      | Noticed a two-headed ogre
  6978 | D:8      | Killed a two-headed ogre
  6978 | D:8      | Reached skill level 7 in Unarmed Combat
  7007 | D:8      | Noticed a two-headed ogre
  7027 | D:8      | HP: 1/80 [two-headed ogre/giant club (13)]
  7043 | D:8      | Killed a two-headed ogre
  7043 | D:8      | Reached skill level 8 in Unarmed Combat
  7043 | D:8      | Reached XP level 10. HP: 12/88 MP: 9/9
  7046 | D:8      | Noticed Maurice
  7481 | D:8      | Killed Maurice
  7481 | D:8      | Reached skill level 9 in Unarmed Combat
  7664 | D:8      | Gained mutation: You are somewhat resistant to further mutation. [mutagenic meat]
  7666 | D:8      | Gained mutation: You are clumsy. (Dex -2) [mutagenic meat]
  7668 | D:8      | Gained mutation: You are weak. (Str -2) [mutagenic meat]
  7702 | D:8      | Lost mutation: You are weak. (Str -2) [potion of mutation]
  7702 | D:8      | Lost mutation: You are clumsy. (Dex -2) [potion of mutation]
  7702 | D:8      | Lost mutation: You are somewhat resistant to further mutation. [potion of mutation]
  7702 | D:8      | Gained mutation: You have a somewhat thin skeletal structure. (Dex +2, Stealth) [potion of mutation]
  7702 | D:8      | Gained mutation: You are partially covered in iridescent scales. (AC +2) [potion of mutation]
  7702 | D:8      | Gained mutation: Your muscles are strong. (Str +2) [potion of mutation]
  7746 | D:9      | Reached skill level 10 in Unarmed Combat
  7826 | D:9      | Noticed a cyan ugly thing
  7850 | D:9      | Killed a cyan ugly thing
  7967 | D:9      | Noticed a two-headed ogre
  7968 | D:9      | Found a snail-covered altar of Cheibriados.
  7976 | D:9      | Killed a two-headed ogre
  7976 | D:9      | Reached skill level 11 in Unarmed Combat
  7991 | D:9      | Gained mutation: You can translocate small distances at will. [mutagenic meat]
  7992 | D:9      | Gained mutation: Armour fits poorly on your strangely shaped body. [mutagenic meat]
  7993 | D:9      | Gained mutation: You are resistant to hostile enchantments. (MR+) [mutagenic meat]
  7994 | D:9      | Gained mutation: You are clumsy. (Dex -2) [mutagenic meat]
  7995 | D:9      | Lost mutation: You are resistant to hostile enchantments. (MR+) [mutagenic meat]
  8345 | D:9      | Found a staircase to the Orcish Mines.
  8351 | D:9      | Noticed Psyche
  8373 | D:9      | Killed Psyche
  8373 | D:9      | Reached XP level 11. HP: 62/94 MP: 10/10
  8505 | D:10     | Entered Level 10 of the Dungeon
  8509 | D:10     | HP: 2/94 [killer bee (5)]
  8510 | D:10     | Slain by a killer bee

Skill      XL: |  1  2  3  4  5  6  7  8  9 10 |
---------------+-------------------------------+-----
Dodging        | 3 |  3.0
Shields        | 1 2 3 4 6 7 9 10 | 10.3
Unarmed Combat | 8 11 | 11.8
Fighting       | |  2.4
Stealth        | |  1.0

Action                   |  1- 3 |  4- 6 |  7- 9 | 10-12 || total
-------------------------+-------+-------+-------+-------++-------
Melee: Unarmed           |    92 |   230 |   532 |   185 ||  1039
Evoke: Wand              |       |       |     8 |       ||     8
  Use: Potion            |       |       |     1 |    13 ||    14
       Scroll            |       |       |       |     5 ||     5
 Stab: Sleeping          |     6 |     6 |     2 |     1 ||    15
  Eat: Chunk             |    14 |    18 |    35 |    23 ||    90
       Bread ration      |       |     1 |       |       ||     1
Armor: Robe              |    33 |    55 |   108 |    93 ||   289
Dodge: Dodged            |    33 |    96 |   157 |   120 ||   406
Block: Shield            |    47 |   159 |   319 |   217 ||   742
